[Event "Romanian Superleague 2022"]
[Site "Oradea"]
[Date "2022.09.22"]
[Round "2.26"]
[White "Jianu, Vlad-Cristian"]
[Black "Padurariu, Mihai-Edward"]
[Result "1-0"]
[ECO "A46"]
[WhiteElo "2511"]
[BlackElo "2263"]
[Annotator "TA"]
[PlyCount "85"]
[EventDate "2022.09.21"]
[EventType "team-tourn"]
[EventCountry "ROU"]
[SourceTitle "playchess.com"]
[Source "ChessBase"]
[SourceQuality "1"]
[TimeControl "40/5400+30:1800+30"]

1. d4 Nf6 2. Nf3 e6 3. g3 b5 4. Bg2 d5 5. O-O Be7 6. a4 b4 7. c4 bxc3 8. Nxc3 $1 {[%emt 0:00:07] 8.Nxc3 is better than 8.bxc3.} O-O {[%emt 0:00:28] A46: 1 d4 Nf6 2 Nf3 e6: Torre, London and Colle Systems.} 9. Bf4 a5 10. Rc1 c6 {[%emt 0:01:28] The position is equal.} 11. Re1 Ba6 12. e4 {[%emt 0:05:29] [#]} Bb4 $146 ({Predecessor:} 12... Nbd7 13. h4 dxe4 14. Nxe4 Nd5 {1-0 (35) Soto Hernandez,H (2452)-Alvarez Pedraza,A (2503) Santa Maria del Mar 2017}) 13. exd5 cxd5 14. Ne5 Qb6 15. Re3 Nbd7 16. Na2 Rfc8 {[%emt 0:06:48] Against Nc6} 17. Nxb4 axb4 18. Re1 Rxc1 19. Qxc1 Rc8 {[%emt 0:11:24] Prevents Qc6.} 20. Qd2 b3 21. a5 Qa7 (21... Qb7 $11 {is superior.}) 22. Qb4 {[%emt 0:02:22] And now Qe7 would win.} Nxe5 23. Bxe5 Bc4 24. Qb6 Qa8 25. Qb4 Nd7 (25... Qa7 $11) 26. Bf4 $14 Nb8 27. Bxb8 {[%emt 0:07:59] White has more active pieces.} Rxb8 28. Qxc4 dxc4 29. Bxa8 Rxa8 {[%emt 0:00:02][%mdl 4096] Endgame KR-KR} 30. Ra1 Kf8 31. Kf1 Ke7 32. Ke2 {[%emt 0:01:11] Hoping for Kd2.} Kd6 {[%emt 0:01:44] [#]} (32... c3 $142 33. bxc3 Kd7) 33. Kd2 $1 $16 Kc6 (33... Kd5 $16 {is a better defense.}) 34. a6 Kb5 35. Kc3 e5 {[%emt 0:00:31] [#]} (35... Ra7 $16) 36. d5 $1 $18 {[%emt 0:00:55] d6 is the strong threat.} ({Don't blunder} 36. dxe5 $2 Rd8 37. Ra5+ Kxa5 $19) 36... Ra7 $2 (36... Kc5 37. d6 Kxd6) 37. d6 {[%emt 0:00:36] White is clearly winning.} Kc6 38. Kxc4 Kxd6 39. Kb5 {[%emt 0:01:18] Threatens to win with Kb6.} Ra8 40. a7 Kc7 41. Ka6 Re8 42. Ra4 Kd6 43. Kb7 {[%emt 0:00:30] Weighted Error Value: White=0.03 (flawless) /Black=0.16 (very precise)} (43. Rb4 $142) 1-0

[Event "Romanian Superleague 2022"]
[Site "Oradea"]
[Date "2022.09.22"]
[Round "2.27"]
[White "Voiteanu, Gabriel"]
[Black "Gavrilescu, David"]
[Result "0-1"]
[ECO "D02"]
[WhiteElo "2154"]
[BlackElo "2523"]
[Annotator "TA"]
[PlyCount "72"]
[EventDate "2022.09.21"]
[EventType "team-tourn"]
[EventCountry "ROU"]
[SourceTitle "playchess.com"]
[Source "ChessBase"]
[SourceQuality "1"]
[TimeControl "40/5400+30:1800+30"]

1. Nf3 d5 2. g3 c5 3. Bg2 Nf6 4. O-O e6 5. d4 cxd4 6. Nxd4 e5 7. Nb3 Be6 8. Nc3 (8. e4 $5 ) 8... Be7 {[%emt 0:00:27] D02: 1 d4 d5 2 Nf3 sidelines, including 2...Nf6 3 g3 and 2...Nf6 3 Bf4.} 9. Bg5 Nbd7 10. e4 dxe4 {[%emt 0:03:41] The position is equal.} (10... d4 {seems wilder.} 11. Nd5 h6 12. Bxf6 Nxf6 13. f4 Rc8) 11. Nxe4 Nxe4 12. Bxe7 Qxe7 13. Bxe4 Nf6 14. Bg2 O-O 15. Qe2 Qc7 {[%emt 0:07:30] Strongly threatening ...Bc4.} 16. Rfe1 Nd7 17. Rad1 a5 18. Bd5 {[%emt 0:06:19] [#]} Bf5 $146 ({Predecessor:} 18... Bxd5 19. Rxd5 a4 20. Nc1 a3 21. b3 e4 22. c4 Rfe8 23. Rd4 Nf6 24. Red1 h5 {0-1 (69) Ginsburg,M (2315)-Liang,J (2399) Redmond 2021}) 19. Be4 (19. Qf3 {looks sharper.} Bxc2 20. Rc1 Nf6 21. Bxb7 Rad8 22. Qc3) 19... Bxe4 20. Qxe4 a4 21. Nc1 (21. Nd2 $5 ) 21... Rfe8 22. Nd3 Nf6 23. Qe2 Ra5 24. Nb4 Rc5 25. Rd2 h5 26. h4 (26. Qd1 $11) 26... e4 {[%emt 0:00:38][%cal Oe4e3] And now ...e3! would win.} 27. Qe3 {[%emt 0:01:49] [#]} (27. Rd4 $17 {might work better.}) 27... Qc8 $1 $19 28. Kg2 Ng4 29. Qd4 Rc4 ({Inferior is} 29... Qf5 30. Nd5 Qf3+ 31. Kg1 $17) 30. Qd6 e3 ({Not} 30... Qf5 31. Nd5 $17) 31. fxe3 Nxe3+ ({Black should play} 31... Rxe3 $19 32. Qd8+ Qxd8 33. Rxd8+ Kh7 34. Rxe3 Nxe3+ 35. Kf3 Rxb4 36. Kxe3 Rxb2) 32. Kg1 $2 {[%emt 0:00:13][%mdl 8192] White does not recover from this.} (32. Rxe3 $17 Rxe3 33. Nd5) 32... Rg4 33. Rde2 Re6 34. Rxe3 $2 (34. Nd5 Nxd5 35. Qxd5 Rxg3+ 36. Kf2 Rf6+ 37. Kxg3 Qg4+ 38. Kh2 Qxh4+ 39. Kg2 Rg6+ 40. Kf1 Qh3+ 41. Qg2 (41. Rg2 $2 Qh1+ 42. Kf2 Rf6+ 43. Kg3 Qxe1+ 44. Kh2 Qh4+ 45. Kg1 Re6 $19) 41... Rxg2 42. Rxg2) 34... Rxd6 {[%emt 0:00:03] Black is clearly winning.} 35. Re8+ {[%emt 0:00:07] [#]} Qxe8 $3 36. Rxe8+ Kh7 {[%emt 0:00:04] Weighted Error Value: White=0.40/Black=0.19 (very precise)} 0-1

[Event "Romanian Superleague 2022"]
[Site "Oradea"]
[Date "2022.09.22"]
[Round "2.28"]
[White "Georgescu, Tiberiu-Marian"]
[Black "Oprisor, Razvan-Gabriel"]
[Result "1-0"]
[ECO "E60"]
[WhiteElo "2477"]
[BlackElo "2175"]
[Annotator "TA"]
[PlyCount "95"]
[EventDate "2022.09.21"]
[EventType "team-tourn"]
[EventCountry "ROU"]
[SourceTitle "playchess.com"]
[Source "ChessBase"]
[SourceQuality "1"]
[TimeControl "40/5400+30:1800+30"]

1. Nf3 Nf6 2. g3 g6 3. b3 Bg7 4. Bb2 c5 5. c4 Nc6 6. Bg2 d6 7. d4 cxd4 8. Nxd4 Bd7 9. Nc3 O-O 10. O-O Qa5 11. e3 Rac8 12. h3 {[%emt 0:06:12] E60: King's Indian: Unusual lines and Fianchetto Variation without Nc3.} a6 13. a3 Rfe8 (13... b5 {feels hotter.} 14. cxb5 Nxd4 15. Qxd4 Nh5) 14. Rc1 {[%emt 0:02:04] The position is equal.} Qb6 {[%emt 0:07:16] [#]} 15. Ba1 $146 (15. Na4 $5 Qd8 16. c5 $11) ({Predecessor:} 15. g4 h6 16. Rb1 Qc7 17. Rc1 Qb6 18. Rb1 Qc7 19. Nde2 Na5 {½-½ (36) Mikhalevski,V (2535)-Li,R (2460) Las Vegas 2015}) 15... Ne5 16. Kh2 h5 17. Nce2 Rc7 (17... Nc6 $11) 18. Qd2 $14 Rec8 19. Bc3 Qa7 20. a4 (20. f4 $16) 20... Be8 21. a5 (21. f4 $16 Ned7 22. f5) 21... Ned7 $11 22. Qa2 Nc5 23. Rfd1 Bc6 (23... e5 $11) 24. Nxc6 $16 bxc6 25. b4 Nce4 26. Be1 e6 27. Nc3 (27. f3 $142 $1 ) 27... Nxc3 28. Bxc3 d5 29. Qb2 Ne8 30. Bxg7 Nxg7 31. e4 dxc4 32. Rxc4 e5 {[%emt 0:00:22] [#]} (32... c5 $1 $14) 33. h4 (33. Rd2 $142 $1) 33... Ne6 {[%emt 0:00:21] [#]} 34. Bh3 ({Worse is} 34. Qxe5 Qxf2 35. Rdc1 Rd8 $11) ({Better is} 34. Rd6 $1 $18) 34... Re8 35. Bxe6 Rxe6 36. Rd8+ Kg7 37. Rc5 Rce7 38. Qd2 Qb7 39. Kg2 {[%emt 0:00:53] White has more active pieces.} f6 {[%emt 0:00:24] Black cannot hold the game after this.} (39... Kh7 $16 {keeps fighting.}) 40. Kg1 {[%emt 0:00:00] Black must now prevent Rc1.} Rf7 (40... Rc7 {was worth a try.} 41. Kg2 Rf7) 41. Rc1 $18 Rfe7 42. Rd1 Qc7 43. Qc3 Qb7 44. Qc5 Qb5 45. Ra8 Qe2 {[%emt 0:04:46] [#]} (45... f5 46. Qe3 f4 47. gxf4 exf4 48. Qxf4 Qe5 49. Qxe5+ (49. Qf8+ Kh7 $18) 49... Rxe5) 46. Rd7 $3 {[%emt 0:01:23][%mdl 512] White is clearly winning.} Kf7 47. Rxe7+ Rxe7 48. Qxc6 {[%emt 0:00:45] Weighted Error Value: White=0.23 (precise) /Black=0.38} 1-0

[Event "Romanian Superleague 2022"]
[Site "Oradea"]
[Date "2022.09.22"]
[Round "2.29"]
[White "Ursente, Tudor-Alexandru"]
[Black "Costachi, Mihnea"]
[Result "0-1"]
[ECO "A36"]
[WhiteElo "1931"]
[BlackElo "2470"]
[Annotator "TA"]
[PlyCount "104"]
[EventDate "2022.09.21"]
[EventType "team-tourn"]
[EventCountry "ROU"]
[SourceTitle "playchess.com"]
[Source "ChessBase"]
[SourceQuality "1"]
[TimeControl "40/5400+30:1800+30"]

1. c4 Nf6 2. Nc3 g6 3. g3 Bg7 4. Bg2 O-O 5. e4 c5 6. Nge2 Nc6 7. d3 a6 {[%emt 0:00:15] A36: Symmetrical English vs ...g6: 4 Bg2 Bg7.} 8. O-O Rb8 9. a4 Ne8 {[%emt 0:00:42] The position is equal.} 10. Be3 Nd4 11. Rb1 Nc7 12. b4 d6 13. b5 (13. bxc5 {feels hotter.} dxc5 14. Nd5 Bg4 15. f3) 13... axb5 14. axb5 Nce6 15. Qd2 {[%emt 0:01:24] [#]} Qa5 $146 ({Predecessor:} 15... Re8 16. f4 f5 17. h3 Ra8 18. g4 Ra3 19. b6 Nxe2+ 20. Nxe2 Ra6 21. exf5 gxf5 22. gxf5 {0-1 (33) Van der Eyk,D (2010)-Van Delft,M (2384) Leiden 2017}) 16. Nxd4 Nxd4 17. Nd5 Qd8 18. Bh6 Bh3 19. Bxg7 Kxg7 20. f4 Bxg2 21. Kxg2 e6 {[%emt 0:00:53] Against f5} 22. Ne3 f5 23. Nc2 Qf6 24. Rfe1 Nxc2 25. Qxc2 e5 26. Qd2 (26. fxe5 {looks sharper.} Qxe5 27. exf5 Qxf5 28. Re7+) 26... Ra8 27. Re2 (27. fxe5 {is more complex.} Qxe5 28. exf5 Qxf5 29. Re7+) 27... exf4 {[%emt 0:14:07][%cal Of4f3] [#] Threatens to win with ...f3+!} 28. Qxf4 fxe4 29. Qxf6+ Rxf6 30. dxe4 $11 {[%emt 0:01:26][%mdl 4096] Endgame KRR-KRR} Ra4 31. Rc1 Re6 32. Rc3 Kf6 33. Kf3 Ke5 34. Rd2 Rf6+ 35. Ke3 Ra1 {[%emt 0:02:09] Strongly threatening ...Re1+.} 36. Rd5+ Ke6 {[%emt 0:00:01] Black is more active.} 37. Rcd3 Ke7 38. Rd1 {[%emt 0:01:28] Inhibits Re1+.} Ra3+ 39. Ke2 Rff3 {[%emt 0:02:10] Hoping for ...Rae3+.} 40. R5d3 {[%emt 0:00:00] Against Rae3+. White does not recover from this.} (40. R1d2 $1 $11) 40... Rfxd3 $19 41. Rxd3 {[%emt 0:01:07] KR-KR} Ra4 42. Rc3 {[%emt 0:06:02] [#]} Ke6 $1 43. Kd3 Ke5 44. Ke3 b6 45. Kd3 (45. h4 $17) 45... Ra1 46. Rb3 g5 47. h4 $2 (47. Rc3) 47... gxh4 {[%emt 0:03:25] Black is clearly winning.} 48. gxh4 h5 49. Ke3 Re1+ 50. Kd3 Rh1 {[%emt 0:00:51] ( -> ...Rh3+)} 51. Kd2 Rh2+ 52. Kc1 Rxh4 {[%emt 0:00:06] Weighted Error Value: White=0.27 (precise) /Black=0.05 (flawless)} 0-1

[Event "Romanian Superleague 2022"]
[Site "Oradea"]
[Date "2022.09.22"]
[Round "2.30"]
[White "Toma, Radu-Cristian"]
[Black "Gulie, Cosmin"]
[Result "1/2-1/2"]
[ECO "D46"]
[WhiteElo "2410"]
[BlackElo "1973"]
[Annotator "TA"]
[PlyCount "119"]
[EventDate "2022.09.21"]
[EventType "team-tourn"]
[EventCountry "ROU"]
[SourceTitle "playchess.com"]
[Source "ChessBase"]
[SourceQuality "1"]
[TimeControl "40/5400+30:1800+30"]

1. Nf3 Nf6 2. d4 d5 3. c4 e6 4. e3 c6 5. Bd3 Nbd7 6. Nbd2 Bd6 7. e4 dxe4 8. Nxe4 Nxe4 9. Bxe4 Nf6 10. Bc2 Bb4+ 11. Bd2 Bxd2+ 12. Qxd2 b6 {D46: Semi-Slav: 5 e3 Nbd7 6 Bd3, Black avoids the Meran.} 13. Ne5 Bb7 14. O-O-O {[#]} Nd7 $146 {White is slightly better.} ({Predecessor:} 14... O-O 15. Rhe1 Nd7 16. Re3 Nxe5 17. dxe5 Qxd2+ 18. Rxd2 c5 19. f3 Rfc8 20. Ba4 Rc7 {1-0 (49) Valerga,D (2477)-Obregon,C (2517) Villa Martelli 2016}) 15. Nxd7 {White is much more active. The black rooks are badly placed.} (15. Qf4 {looks sharper.} O-O 16. Kb1 Rc8 17. Rhe1) 15... Qxd7 16. Qg5 g6 17. h4 Qe7 18. Rh3 Qxg5+ 19. hxg5 O-O-O 20. Be4 Rd7 21. Bf3 Kc7 22. Kc2 Bc8 23. Bg4 f5 24. gxf6 Rf7 25. Rh6 $1 Rxf6 26. Bf3 Rf7 27. Rdh1 g5 (27... c5 $142) 28. Kd3 g4 29. Bxg4 {Strongly threatening Bf3.} Rxf2 30. Rxh7+ Rxh7 31. Rxh7+ $16 {[%mdl 4096] Endgame KRB-KRB} Kd6 (31... Kb8 $16 {was called for.}) 32. Bf3 $2 ({Less strong is} 32. Rxa7 Rxg2 33. Be2 e5 $16) ({White must play} 32. b4 $1 $18 {Threatening mate with c5+.} c5 33. dxc5+ (33. Rxa7 Rxg2 34. Bf3 Rg3 $16) 33... bxc5 34. bxc5+ (34. Rxa7 Rxg2 35. Bf3 Rg3 $16) 34... Ke5 35. Rxa7 Rxg2 36. Bf3) 32... Rxb2 $14 33. Rxa7 c5 34. Kc3 Rf2 35. dxc5+ bxc5 36. a4 e5 37. Bd5 Re2 38. Kd3 {Prevents e4+.} Ra2 39. Ke3 Ra3+ (39... Bf5 $11 {remains equal.}) 40. Ke4 $16 {Hoping for Ra8.} Rg3 $2 (40... Ra1 $16 41. Ra8 Re1+ 42. Kf3 Bf5) 41. Ra8 $18 Rg4+ 42. Ke3 Bf5 (42... Bd7 43. a5 Kc7 44. Ra7+ Kd6 45. Ra6+ Kc7) 43. Rf8 Bd7 44. a5 Rg3+ 45. Rf3 Rg6 46. Be4 Rg7 47. Rf6+ Kc7 48. a6 Kb8 49. Bf3 (49. Bd5 $142 Ka7 50. Ke4) 49... Ka7 50. Ke4 ({Better is} 50. Bb7 $18) 50... Bc8 $16 51. Kxe5 {And now Bd5 would win.} Bxa6 52. Bd5 (52. Rf4 $142) 52... Rg4 $2 {[%emt 0:00:00][%mdl 8192] [#]} (52... Bxc4 $16 53. Bxc4 Rxg2) 53. Rf4 $2 (53. Rxa6+ $1 Kxa6 54. Kf5) 53... Rg3 $2 (53... Rg5+ 54. Kf6 Rg3) 54. Rf3 $18 Rg4 {[%emt 0:00:00] [#]} 55. Kf5 $2 (55. Ra3 $1 $18) 55... Rxg2 $11 {[%emt 0:00:00] The position is equal.} 56. Ke5 {Intending Rf7+ and mate.} Rg4 57. Be6 Rd4 58. Rb3 Bxc4 59. Bxc4 Rxc4 60. Kd5 {Weighted Error Value: White=0.48/Black=0.21 (precise)} 1/2-1/2

[Event "Romanian Superleague 2022"]
[Site "Oradea"]
[Date "2022.09.23"]
[Round "3.1"]
[White "Berkes, Ferenc"]
[Black "Tarlev, Konstantin"]
[Result "1/2-1/2"]
[ECO "A46"]
[WhiteElo "2651"]
[BlackElo "2576"]
[Annotator "TA"]
[PlyCount "35"]
[EventDate "2022.09.21"]
[EventType "team-tourn"]
[EventCountry "ROU"]
[SourceTitle "playchess.com"]
[Source "ChessBase"]
[SourceQuality "1"]
[TimeControl "40/5400+30:1800+30"]

1. d4 Nf6 2. g3 d5 3. Nf3 e6 4. Bg2 b5 5. O-O Bb7 6. a4 {[%emt 0:00:25] A46: 1 d4 Nf6 2 Nf3 e6: Torre, London and Colle Systems.} b4 7. c4 bxc3 8. Nxc3 {[%emt 0:00:11] The position is equal.} Nbd7 9. Bf4 {[%emt 0:03:22] aiming for Nb5.} a6 {[%emt 0:00:06] Inhibits Nb5.} 10. a5 Be7 11. Qa4 c5 12. dxc5 {[%emt 0:16:20] White is much more active.} Bxc5 13. b4 Be7 14. b5 {[%emt 0:00:59] [#]} Nc5 $146 ({Predecessor:} 14... axb5 15. Nxb5 O-O 16. Bc7 Qc8 17. Rfc1 Nc5 18. Qa3 Ba6 19. Bd6 Bxd6 20. Nxd6 Qd7 21. Qxc5 {1-0 (31) Efimenko,Z (2602)-Baskin,R (2390) Chess.com INT 2020}) 15. Qa2 axb5 16. Nxb5 {[%emt 0:00:07] [#] And now Nc7+ would win.} O-O 17. Rfc1 Qd7 18. Nbd4 {[%emt 0:13:39] Weighted Error Value: White=0.06 (flawless) /Black=0.16 (very precise)} ({White should play} 18. Nc7 $16) 1/2-1/2

[Event "Romanian Superleague 2022"]
[Site "Oradea"]
[Date "2022.09.23"]
[Round "3.2"]
[White "Ionescu, Constantin"]
[Black "Lupulescu, Constantin"]
[Result "0-1"]
[ECO "A20"]
[WhiteElo "2415"]
[BlackElo "2614"]
[Annotator "TA"]
[PlyCount "76"]
[EventDate "2022.09.21"]
[EventType "team-tourn"]
[EventCountry "ROU"]
[SourceTitle "playchess.com"]
[Source "ChessBase"]
[SourceQuality "1"]
[TimeControl "40/5400+30:1800+30"]

1. c4 e5 2. g3 c6 3. d4 Bb4+ 4. Bd2 Bxd2+ 5. Qxd2 d6 6. Nc3 Nf6 7. Bg2 O-O 8. e4 {[%emt 0:03:39] [#]} b5 $146 {[%emt 0:13:16] A20: English Opening: 1...e5.} ({Predecessor:} 8... Be6 9. b3 Qa5 10. Nge2 b5 11. d5 Bc8 12. cxb5 cxb5 13. a3 Qb6 14. O-O a5 15. Rfb1 Na6 16. b4 {1-0 (66) Balog,I (2550)-Balogh,C (2589) Hungary 2019}) 9. cxb5 cxb5 10. d5 b4 {[%emt 0:09:10] Black is slightly better.} 11. Nd1 Na6 12. f3 Nc5 13. Nh3 {[%emt 0:02:01] [#]} (13. Ne3 $15) 13... Qa5 $1 $17 14. Qe3 {[%emt 0:03:24] Inhibits Nb3.} Ba6 {[%emt 0:02:33] Threatens to win with ...Nd3+.} 15. Bf1 {[%emt 0:02:09] Inhibits Nd3+.} Ne8 16. Nhf2 Nc7 17. Bxa6 Qxa6 18. Qe2 Qa5 {[%emt 0:04:39] Black has more active pieces.} (18... Qxe2+ $17 19. Kxe2 Nb5) 19. Qc4 $2 {[%emt 0:06:51] [#] This costs White the game.} (19. Ne3 $1 $11 {and White has nothing to worry.}) 19... Nb5 $1 $19 {[%emt 0:04:11] Hoping for ...Nd4.} 20. O-O Nd4 21. Nd3 {[%emt 0:03:09][%cal Bf2d3,Bd3b4,Bb4c6][%mdl 32] [#]} Ncb3 $1 22. axb3 Qxa1 23. Nxb4 {[%emt 0:10:30] [#]} Nxf3+ $1 24. Rxf3 {[%emt 0:00:09] And now Qe2 would win.} Qxd1+ 25. Kg2 Rac8 26. Nc6 {[%emt 0:00:10] Ne7+ is the strong threat.} Rc7 {[%emt 0:00:12] Inhibits Ne7+.} 27. b4 (27. Rf1 $142 Qh5 28. Rf5) 27... f6 28. b5 g6 29. Qb4 Rd7 30. Rf1 Qh5 31. b3 f5 32. exf5 gxf5 ({Weaker is} 32... Rxf5 33. g4 Qg5 34. h4 Qxh4 35. gxf5 $14) 33. b6 axb6 34. Qxb6 f4 {[%emt 0:01:14] Strongly threatening ...Rdf7.} 35. Qf2 Rdf7 {[%emt 0:00:36] White must now prevent ...fxg3.} 36. b4 fxg3 {[%emt 0:02:01] Black mates.} 37. Qxg3+ Kh8 38. Rxf7 Rxf7 {[%emt 0:00:37] Weighted Error Value: White=0.62/Black=0.21 (precise)} 0-1

[Event "Romanian Superleague 2022"]
[Site "Oradea"]
[Date "2022.09.23"]
[Round "3.3"]
[White "Jianu, Vlad-Cristian"]
[Black "Soltanici, Ruslan"]
[Result "1/2-1/2"]
[ECO "E24"]
[WhiteElo "2511"]
[BlackElo "2333"]
[Annotator "TA"]
[PlyCount "34"]
[EventDate "2022.09.21"]
[EventType "team-tourn"]
[EventCountry "ROU"]
[SourceTitle "playchess.com"]
[Source "ChessBase"]
[SourceQuality "1"]
[TimeControl "40/5400+30:1800+30"]

1. d4 Nf6 2. c4 e6 3. Nc3 Bb4 4. a3 Bxc3+ 5. bxc3 d6 6. f3 c5 {[%emt 0:05:08] seems to push 6...0-0 aside.} 7. e4 Nc6 8. Ne2 {[%emt 0:00:17] E24: Nimzo-Indian: Sämisch: Unusual Black 5th moves and 5...c5 sidelines.} O-O 9. Ng3 b6 10. Be3 {[%emt 0:18:47] Black has an edge.} Ba6 11. Bd3 Na5 12. Qe2 cxd4 13. cxd4 Rc8 14. Rc1 $1 Qd7 ({Black should play} 14... Nd7 $15) 15. O-O $11 {[%emt 0:08:44] The position is equal.} Qa4 {[%emt 0:01:30][%cal Ra6c4] [#]} 16. c5 $146 ({Of course not} 16. e5 dxe5 17. dxe5 Nd7 $15) (16. Bg5 $5 Nd7 17. Be7 $11) ({Predecessor:} 16. Bg5 Bxc4 17. Bxf6 gxf6 18. Nh5 Bxd3 19. Qxd3 Nb3 20. Rxc8 Rxc8 21. Nxf6+ Kg7 22. Nh5+ {0-1 (52) Kirszenberg,M (2130)-Colbow,C (2339) Chess.com INT 2021}) 16... Bxd3 17. Qxd3 dxc5 {[%emt 0:02:17] Weighted Error Value: White=0.02 (flawless) /Black=0.07 (flawless)} 1/2-1/2

[Event "Romanian Superleague 2022"]
[Site "Oradea"]
[Date "2022.09.23"]
[Round "3.4"]
[White "Cosma, Ioan"]
[Black "Parligras, Mircea-Emilian"]
[Result "0-1"]
[ECO "E11"]
[WhiteElo "2367"]
[BlackElo "2560"]
[Annotator "TA"]
[PlyCount "72"]
[EventDate "2022.09.21"]
[EventType "team-tourn"]
[EventCountry "ROU"]
[SourceTitle "playchess.com"]
[Source "ChessBase"]
[SourceQuality "1"]
[TimeControl "40/5400+30:1800+30"]

1. d4 Nf6 2. Nf3 d5 3. c4 e6 4. g3 Bb4+ 5. Bd2 Be7 6. Bg2 O-O 7. O-O c6 8. Qc2 Nbd7 {[%emt 0:04:30] seems to push 8...b6 aside.} 9. Rd1 a5 {[%emt 0:02:46] E11: Bogo-Indian.} 10. Bf4 h6 11. Nbd2 Nh5 {[%emt 0:06:32] The position is equal.} 12. Be3 Bd6 13. Nb3 Qe7 {[%emt 0:03:15] [#]} 14. cxd5 $146 (14. Bd2 $11) ({Predecessor:} 14. a4 b6 15. Ne5 Bb7 16. Nxd7 Qxd7 17. c5 Be7 18. cxb6 Qd8 19. Nc5 Ba6 20. b4 Qxb6 {½-½ (86) Saduakassova,D (2483)-Keymer,V (2602) chess24.com INT 2021}) 14... exd5 $15 15. Nh4 Nb6 16. Nf5 Bxf5 17. Qxf5 Nf6 18. Nd2 a4 19. Bf3 Rfe8 20. Bf4 Bxf4 21. Qxf4 Ne4 22. a3 (22. e3 $11 {remains equal.}) 22... Ra5 (22... Ng5 $5 23. Kg2 Ne6 $15) 23. Rac1 Rb5 24. Rc2 Ng5 {[%emt 0:09:36] [#] aiming for ...Nh3+. Black is more active.} 25. Qg4 {[%emt 0:05:19] Inhibits Nh3+.} (25. Qf5 $17 {was necessary.}) 25... Nxf3+ $19 26. Nxf3 Nc4 {[%emt 0:00:50] Prevents Ne5.} 27. Rd3 Rxb2 28. Rxb2 Nxb2 29. Re3 Qd8 {[%emt 0:02:31] [#] And now ...Rxe3 would win.} 30. Ne5 Nc4 31. Nxc4 dxc4 {[%emt 0:00:12] KQR-KQR} 32. Rc3 (32. Qf3 $142) 32... b5 33. e3 Qd5 34. h4 h5 35. Qf4 c5 36. dxc5 Qxc5 {[%emt 0:00:10] Weighted Error Value: White=0.32/Black=0.11 (very precise)} 0-1

[Event "Romanian Superleague 2022"]
[Site "Oradea"]
[Date "2022.09.23"]
[Round "3.5"]
[White "Gavrilescu, David"]
[Black "Itkis, Boris"]
[Result "1/2-1/2"]
[ECO "B07"]
[WhiteElo "2523"]
[BlackElo "2332"]
[Annotator "TA"]
[PlyCount "93"]
[EventDate "2022.09.21"]
[EventType "team-tourn"]
[EventCountry "ROU"]
[SourceTitle "playchess.com"]
[Source "ChessBase"]
[SourceQuality "1"]
[TimeControl "40/5400+30:1800+30"]

1. e4 d6 2. d4 Nf6 3. Bd3 g6 4. Nf3 Bg7 5. O-O O-O 6. Re1 Nbd7 7. c3 e5 8. Na3 {[%emt 0:00:06] 8.h3 is the modern continuation.} Re8 {[%emt 0:06:10] B07: Pirc Defence: Miscellaneous Systems.} 9. h3 a6 10. Nc2 {[%emt 0:03:06] [#]} d5 $146 ({Predecessor:} 10... b6 11. b4 exd4 12. cxd4 Bb7 13. Nd2 c5 14. Bb2 Nh5 15. Nc4 Qc7 16. bxc5 dxc5 {1-0 (65) Vinter Schou,U (2347)-Ramsdal,J (2256) Aarhus 2019}) 11. Bg5 dxe4 12. Rxe4 exd4 13. Rxd4 h6 14. Bh4 Qe7 (14... c5 $5 15. Rd6 Qe7 $11) 15. Bc4 Nb6 {[%emt 0:06:55] [#] And now ...c5 would win.} (15... Nc5 $5 ) 16. Bb3 Be6 17. Ne3 Bxb3 18. Qxb3 Qc5 19. Bxf6 Bxf6 20. Rf4 Re6 {[%emt 0:08:24] [#]} ({Better is} 20... Qd6 $11 21. g3 Qe6) 21. Ng4 (21. Qxe6 $1 $14 fxe6 22. Rxf6) 21... Bg7 $1 $15 22. Nd4 Re7 23. Nf6+ Kh8 $1 {[%emt 0:02:03] ...Qg5 is the strong threat.} 24. Ng4 Qd5 25. Ne3 Qxb3 26. Nxb3 a5 27. Nc5 Re5 28. Nd3 Re7 29. Nc5 Re5 30. Nd3 Re7 31. a4 (31. Nc5 $11) 31... Rd8 32. Nc5 {[%emt 0:00:06] The position is equal.} c6 33. Nb3 Nd5 34. Rd1 Be5 35. Rf3 {[%emt 0:00:28] aiming for c4.} Bc7 36. Nc4 Nb6 37. Rxd8+ Bxd8 38. Nxb6 Bxb6 $11 {[%emt 0:00:06][%mdl 4096] Endgame KRB-KRN} 39. Kf1 {[%emt 0:00:06] Inhibits Re1+.} Rd7 40. Ke2 Kg7 41. Nd2 f5 42. Nc4 Bc7 43. Rd3 Re7+ 44. Kd2 Kf6 45. Nd6 Ke6 46. Nc4 Rd7 47. Rxd7 {[%emt 0:00:10] Weighted Error Value: White=0.09 (flawless) /Black=0.08 (flawless)} 1/2-1/2